Match 42244403
Unlisted

Match 42244403
End
Construct Section Command Post
Dingo Light Scout Car
Infantry Section
Infantry Section
Infantry Section
Construct Platoon Command Post
Humber Armored Car
6-pounder Anti-tank Gun Team
Infantry Training
CMP 15cwt Truck
Infantry Section
Grenade Package
Unlock Bishop Self-propelled Artillery
Selects Indian Artillery Battlegroup
Selects Indian Artillery Battlegroup
Selects War Cry
Selects Gurkha Rifles Section
Infantry Section
Construct Company Command Post
Selects Volunteer Infantry
Foot Guards Section
Foot Guards Section
Unlock Towed 17-pounder Anti-tank Guns
17-pounder Anti-tank Gun Team
War Cry
Kanade
BurningShot
A2O
Kenan
仙台葉月@宮城のけち
Pin0kyo
Gengeta
Clavis
0
0

Comments sign in to comment!

No comments posted yet!